 Dungeon Crawl Stone Soup version 0.30-a0-374-g95c0257040 (webtiles) character file.

Game seed: 204433935537412365

4372 AigisTheKnight the Chiller (level 10, -11/70 (79) HPs)
             Began as a Demonspawn Ice Elementalist on Nov 26, 2022.
             Was an Initiate of Gozag.
             Mangled by a wight
             ... wielding a +4 great sword
              (19 damage)
             ... on level 8 of the Dungeon.
             The game lasted 00:37:24 (9801 turns).

AigisTheKnight the Chiller (DsIE)                   Turns: 9801, Time: 00:37:26

HP:   -11/70 (79)   AC:  6    Str:  9    XL:     10   Next: 13%
MP:   14/16         EV: 14    Int: 21    God:    Gozag
Gold: 225           SH:  4    Dex: 17    Spells: 10/17 levels left

rFire   . . .      SeeInvis +    b - +2 battleaxe (flame)
rCold   . . .      Faith    .    (shield currently unavailable)
rNeg    . . .      Spirit   .    H - +0 steam dragon scales
rPois   .          Reflect  .    G - +1 hat
rElec   .          Harm     .    (no cloak)
rCorr   .          Rampage  .    (no gloves)
Will    .....                    (no boots)
Stlth   ++++......               M - amulet of the acrobat
HPRegen 0.31/turn                g - ring of see invisible
MPRegen 0.15/turn                (no ring)

@: gold aura, heavily drained
A: claws 1, thin skeletal structure 2, condensation shield, demonic magic 1
a: Renounce Religion, Potion Petition, Call Merchant, Bribe Branch


You were on level 8 of the Dungeon.
You worshipped Gozag.
Gozag was aware of your devotion.
You visited 2 branches of the dungeon, and saw 9 of its levels.
You also visited: Sewer.

You collected 738 gold pieces.
You spent 377 gold pieces at shops.
You paid 136 gold pieces to Gozag.

Inventory:

Hand Weapons
 b - a +2 battleaxe of flaming (weapon)
 c - a +0 mace
 x - a +0 great sword
 J - a +4 battleaxe
Missiles
 j - 16 poisoned darts (quivered)
 B - a throwing net
 N - 6 datura-tipped darts
Armour
 a - a +0 robe
 h - a +0 leather armour
 k - the +3 chain mail of Muttered Phrases {Harm}
   (You found it on level 2 of the Dungeon)

   Harm:      It increases damage dealt and taken.
 n - a +0 buckler
 p - a +0 helmet
 s - a +0 chain mail
 C - a scarf of harm
 G - a +1 hat (worn)
 H - +0 steam dragon scales (worn)
 I - a +0 kite shield
Jewellery
 g - a ring of see invisible (left claw)
 M - an amulet of the acrobat (around neck)
Wands
 K - a wand of digging (4)
 O - a wand of mindburst (8)
Scrolls
 d - 2 scrolls of fog {unknown}
 e - 3 scrolls of identify {unknown}
 f - 2 scrolls of vulnerability {unknown}
 l - 3 scrolls of magic mapping {unknown}
 r - 2 scrolls of fear {unknown}
 t - a scroll of summoning {unknown}
 y - 2 scrolls of teleportation
 A - 2 scrolls of immolation {unknown}
 D - 2 scrolls of enchant armour {unknown}
Potions
 i - 2 potions of ambrosia {unknown}
 m - 4 potions of brilliance {unknown}
 o - 3 potions of curing {unknown}
 q - 2 potions of haste {unknown}
 u - a potion of invisibility {unknown}
 v - a potion of cancellation {unknown}
 w - a potion of lignification {unknown}
 z - 2 potions of heal wounds {unknown}
 E - 2 potions of flight {unknown}
 F - a potion of resistance {unknown}
 L - a potion of berserk rage


   Skills:
 + Level 7.0 Fighting
 + Level 5.2 Axes
 - Level 0.6 Armour
 - Level 4.3 Dodging
 - Level 2.6 Stealth
 - Level 3.4 Shields
 - Level 4.4 Spellcasting
 + Level 3.8 Summonings
 + Level 7.7 Ice Magic


You had 10 spell levels left.
You knew the following spells:

 Your Spells              Type           Power      Damage    Failure   Level
a - Freeze                Ice            100%       1d10      1%          1
b - Frozen Ramparts       Ice            74%        1d12      1%          3
c - Ozocubu's Armour      Ice            37%        N/A       1%          3

Your spell library contained the following spells:

 Spells                   Type           Power      Damage    Failure   Level
 Summon Ice Beast         Ice/Summ       29%        N/A       11%         4
 Apportation              Tloc           8%         N/A       12%         1
 Cigotuvi's Dreadful Rot  Necr/Pois/Air  8%         N/A       17%         2
 Kindle Blastsparks       Fire/Tloc/Air  8%         2d10      34%         3
 Iskenderun's Mystic Bla  Conj/Tloc      4%         2d3       75%         4
 Passage of Golubria      Tloc           4%         N/A       75%         4
 Summon Forest            Summ/Tloc      6%         N/A       82%         5
 Alistair's Intoxication  Tmut/Pois      2%         N/A       97%         5
 Silence                  Hex/Air        2%         N/A       97%         5
 Eringya's Noxious Bog    Tmut/Pois      2%         N/A       100%        6
 Summon Hydra             Summ           10%        N/A       100%        7
 Ignition                 Fire           2%         3d3       100%        8


Dungeon Overview and Level Annotations

Branches:
Dungeon (8/15)             Temple (1/1) D:6           Sewer (visited)
   Lair: D:8-11

Altars:
Ashenzari
Cheibriados
Gozag
Hepliaklqana
Kikubaaqudgha
Nemelex Xobeh
Okawaru
Qazlal
Ru
Sif Muna
Trog
Uskayaw
Wu Jian
Yredelemnul

Shops:
D:3 *   D:5 (


Innate Abilities, Weirdness & Mutations

You have sharp fingernails.
You have a moderately thin skeletal structure. (Dex +4, Stealth++)
A meltable shield of frost defends you. (SH +4)
Spells you cast may paralyse adjacent enemies.


Message History

Casting: Ozocubu's Armour (safe; 1% risk of failure)
Confirm with . or Enter, or press ? or * to list all spells.
You miscast Ozocubu's Armour.
You are very lightly contaminated with residual magic.
Nothing appears to happen.
The wight misses you.
Unknown command.
You closely miss the wight. You block the wight's attack.
Unknown command.
You slash the wight! You burn the wight.
The wight is severely damaged.
The wight hits you with a +3 scimitar.
You feel drained.
The wight hits you with a +4 great sword!
Unknown command.
You closely miss the wight.
The wight is severely damaged.
You hit the wight. You burn the wight. The wight hits you but does no damage.
The wight hits you with a +3 scimitar!
You feel drained.
Unknown command.
You slash the wight! You burn the wight.
You destroy the wight!
You hit the wight. You burn the wight.
The wight hits you with a +4 great sword!
Unknown command.
You closely miss the wight.
The wight is almost destroyed.
You hit the wight. You burn the wight. The wight barely misses you.
The wight is distracted by your dazzling golden aura.
The wight hits you with a +4 great sword!
* * * LOW HITPOINT WARNING * * *
You feel drained.
* * * LOW HITPOINT WARNING * * *
Your magical contamination has completely faded away.
The wight attacks as you move away! The wight hits you with a +0 mace.
* * * LOW HITPOINT WARNING * * *
You feel drained.
* * * LOW HITPOINT WARNING * * *
The wight attacks as you move away!
The wight hits you with a +4 great sword!!
You die...
Your body crumbles into a pile of gold.

#~~...z#...............#
#~.....#..[............#
#~.....#...............#
#~.....#...............#
#...'................
#####................
#..z....... .... ....
##.z######## ..#..)..
##z@....... ..#.....
##......####.#.....
##.....+..#.##.###
#.....##.#.##....
#.[............#
#####......#...)..###
.......)..#...##...).
.............########
...................##


You could see 3 wights.

Vanquished Creatures
  Grinder (D:5)
  2 wyverns
  3 hogs (D:7)
  A yak (D:7)
  A human (D:7)
  A steam dragon (D:6)
  2 water moccasins (D:6)
  A black bear (D:8)
  An ice beast (D:6)
  2 ogres (D:4)
  6 centaurs
  4 kobold brigands (Sewer)
  3 bullfrogs
  2 necrophages
  A scorpion (D:5)
  6 wights
  6 killer bees
  A howler monkey (D:5)
  A jelly (D:6)
  3 gnoll boudas
  3 hounds
  5 iguanas
  3 orc wizards
  16 gnolls
  A river rat (Sewer)
  8 adders
  A white imp (D:5)
  5 worms
  4 dart slugs
  18 orcs
  4 ball pythons
  3 bats (D:1)
  3 endoplasms
  7 giant cockroaches
  6 goblins
  4 hobgoblins
  10 jackals
  6 kobolds
  8 quokkas
  4 frilled lizards
  11 rats
178 creatures vanquished.

Vanquished Creatures (others)
  9 plants (Sewer)
9 creatures vanquished.

Grand Total: 187 creatures vanquished

Notes
Turn   | Place    | Note
-------+----------+-------------------------------------------
     0 | D:1      | AigisTheKnight the Demonspawn Ice Elementalist began the
                  | quest for the Orb.
     0 | D:1      | Reached XP level 1. HP: 13/13 MP: 3/3
   256 | D:1      | Gained mutation: Spells you cast may paralyse adjacent
                  | enemies. [demonic ancestry]
   256 | D:1      | Reached XP level 2. HP: 17/19 MP: 0/5
   689 | D:1      | Reached XP level 3. HP: 24/24 MP: 4/6
   836 | D:2      | Identified the +3 chain mail of Muttered Phrases {Harm}
  1340 | D:2      | Got the Folio of the Storm and Contamination
  1492 | D:2      | Found a faded altar of an unknown god.
  2179 | D:3      | Learned a level 3 spell: Frozen Ramparts
  2183 | D:3      | Learned a level 3 spell: Ozocubu's Armour
  2243 | D:3      | Found a sacrificial altar of Ru.
  2272 | D:3      | Got the Dissertation on Scorched Displacement
  2341 | D:3      | Gained mutation: You have sharp fingernails. [demonic
                  | ancestry]
  2341 | D:3      | Reached XP level 4. HP: 29/30 MP: 1/7
  2455 | D:3      | Found Zaubafro's Assorted Antiques.
  2857 | D:3      | Found a hazy altar of Hepliaklqana.
  2991 | D:4      | Reached skill level 1 in Shields
  2991 | D:4      | Gained mutation: A meltable shield of frost defends you.
                  | (SH +4) [demonic ancestry]
  2991 | D:4      | Reached XP level 5. HP: 31/36 MP: 5/9
  3002 | D:4      | Reached skill level 1 in Fighting
  3114 | D:4      | Noticed an ogre
  3290 | D:4      | Found a glowing drain.
  3316 | Sewer    | Entered a sewer
  3348 | Sewer    | Reached XP level 6. HP: 38/44 MP: 4/10
  3895 | Sewer    | Reached XP level 7. HP: 50/51 MP: 7/12
  4489 | D:4      | Found a hide-covered altar of Uskayaw.
  4589 | D:4      | Found an ornate altar of the Wu Jian Council.
  4691 | D:4      | Reached skill level 5 in Ice Magic
  5195 | D:5      | Entered Level 5 of the Dungeon
  5295 | D:5      | Gained mutation: You have a somewhat thin skeletal
                  | structure. (Dex +2, Stealth+) [demonic ancestry]
  5295 | D:5      | Reached XP level 8. HP: 48/58 MP: 3/14
  5383 | D:5      | Noticed Grinder
  5422 | D:5      | Paralysed by Grinder for 2 turns
  5434 | D:5      | Paralysed by Grinder for 5 turns
  5445 | D:5      | Paralysed by Grinder for 4 turns
  5474 | D:5      | Killed Grinder
  5915 | D:3      | Bought a runed battleaxe for 247 gold pieces
  6012 | D:5      | Found Bamimp's Weapon Boutique.
  6236 | D:5      | Reached skill level 1 in Axes
  6817 | D:6      | HP: 2/61 [steam dragon (7)]
  6820 | D:6      | Reached skill level 5 in Fighting
  7291 | D:7      | Reached XP level 9. HP: 22/68 MP: 9/15
  7829 | D:6      | Found a staircase to the Ecumenical Temple.
  7890 | Temple   | Entered the Ecumenical Temple
  7907 | Temple   | Became a worshipper of Gozag Ym Sagoz the Greedy
  8459 | D:7      | Reached skill level 1 in Summonings
  9249 | D:3      | Bought a dented bronze amulet for 130 gold pieces
  9361 | D:8      | Reached skill level 5 in Axes
  9361 | D:8      | Gained mutation: You have a moderately thin skeletal
                  | structure. (Dex +4, Stealth++) [demonic ancestry]
  9361 | D:8      | Reached XP level 10. HP: 77/77 MP: 9/16
  9801 | D:8      | Mangled by a wight

Illustrated notes

Levels and vault maps discovered:
D:1:      elethiomel_arrival_diamonds, layout_rooms
D:2:      cheibrodos_helix_gallery, layout_basic,
          shapermc_ecumenical_altar_mp_highgroup
D:3:      layout_loops_ring, mainiacjoe_overflow_alcove_1,
          nicolae_ru_the_path_less_chosen, serial_shops, shop_coins
D:4:      layout_loops_ring, lemuel_doored_altar, kennysheep_mini_moat,
          gup_sewer_entry_bubbles, serial_glass, glass_columns_c,
          glass_columns_a
D:5:      layout_rooms, serial_shops, shop, serial_park_tiny_1, minivault_23,
          uniq_grinder
D:6:      layout_gridville, minmay_temple_entry_enclosed_plants, minmay_holes
D:7:      layout_rooms, grunt_livestock
D:8:      layout_basic, tgw_xom, minmay_manual_mullet
Temple:   cyrus_circular_temple

Skill      XL: |  1  2  3  4  5  6  7  8  9 10 |
---------------+-------------------------------+-----
Stealth        | 2 |  2.6
Dodging        | 2 3 4 |  4.3
Ice Magic      | 4 5 6 7 |  7.7
Shields        | 1 2 3 |  3.4
Fighting       | 1 2 3 5 6 7 |  7.0
Spellcasting   | 3 4 |  4.4
Axes           | 3 5 |  5.2
Summonings     | 3 |  3.8
Armour         | |  0.6

Action                   |  1- 3 |  4- 6 |  7- 9 | 10-12 || total
-------------------------+-------+-------+-------+-------++-------
Melee: Mace              |    52 |    86 |    48 |       ||   186
       Unarmed           |     7 |       |       |       ||     7
       Punch             |     2 |       |     2 |       ||     4
       Battleaxe         |       |       |    95 |    37 ||   132
Throw: Dart              |       |    18 |    92 |       ||   110
       Throwing net      |       |       |     1 |       ||     1
 Cast: Freeze            |    53 |    34 |    47 |       ||   134
       Frozen Ramparts   |       |     9 |    36 |       ||    45
       Ozocubu's Armour  |       |     3 |    26 |     1 ||    30
  Use: Potion            |       |       |     1 |       ||     1
       Scroll            |       |       |     1 |       ||     1
 Stab: Paralysed         |    16 |    14 |    26 |       ||    56
       Sleeping          |     2 |     2 |     5 |     1 ||    10
Armor: Leather armour    |    16 |    19 |    19 |       ||    54
       Steam dragon scal |       |       |    32 |     7 ||    39
Dodge: Dodged            |    53 |    58 |   124 |    28 ||   263
Block: Other             |       |    12 |    37 |    10 ||    59

Table legend: (Time is in decaauts)
 A = Elapsed time spent in this place.
 B = Non-inter-level travel time spent in this place.
 C = Inter-level travel time spent in this place.
 D = Time resting spent in this place.
 E = Time spent auto-exploring this place.
 F = Levels seen in this place.
 G = Mean time per level.
                   A        B        C        D        E       F      G
               +--------+--------+--------+--------+--------+-----+--------+
         Total |  10127 |   9330 |    797 |   1759 |   4806 |  10 | 1012.7 |
       Dungeon |   9049 |   8266 |    783 |   1661 |   4269 |   8 | 1131.1 |
        Temple |     32 |     18 |     14 |      0 |      0 |   1 |   32.0 |
         Sewer |   1045 |   1045 |      0 |     98 |    537 |   1 | 1045.0 |
               +--------+--------+--------+--------+--------+-----+--------+

Top non-repeatable levels by time:
     D:6: 1705 daAuts
     D:4: 1472 daAuts
     D:2: 1360 daAuts
     D:7: 1159 daAuts
     D:5: 1124 daAuts
   Sewer: 1045 daAuts
     D:3: 958 daAuts
     D:1: 773 daAuts
     D:8: 495 daAuts
  Temple: 32 daAuts
